 Dungeon Crawl Stone Soup version 0.26-a0-662-g8b9c6dab81 (webtiles) character file.

Game seed: 4045536854985929433

522 tacoguy the Skirmisher (level 7, -2/61 HPs)
             Began as a Minotaur Fighter on Oct 9, 2020.
             Slain by TigOlBitties's ghost (11 damage)
             ... on level 5 of the Dungeon.
             The game lasted 00:09:34 (3562 turns).

tacoguy the Skirmisher (Minotaur Fighter)           Turns: 3562, Time: 00:09:35

Health: -2/61      AC:  8    Str: 23    XL:     7   Next: 1%
Magic:  6/6        EV: 11    Int:  5    God:
Gold:   261        SH:  5    Dex:  9    Spells: 6/6 levels left

rFire    . . .     SeeInvis .   i - +4 quarterstaff (chaos)
rCold    . . .     Faith    .   (shield currently unavailable)
rNeg     . . .     Spirit   .   b - +0 scale mail
rPois    .         Reflect  +   (helmet restricted)
rElec    .         Harm     .   q - +0 cloak
rCorr    .         Rampage  .   (no gloves)
MR       .....     Rnd*Tele +   (no boots)
Stlth    ..........             g - amulet of reflection
HPRegen  0.20/turn              o - ring of teleportation (curse)
MPRegen  0.10/turn              (no ring)

@: lethally poisoned (-2 -> -3), flying
A: retaliatory headbutt, horns 2
a: no special abilities


You were on level 5 of the Dungeon.
You visited 1 branch of the dungeon, and saw 5 of its levels.

You collected 261 gold pieces.

Inventory:

Hand Weapons
 a - a +0 rapier
 i - a +4 quarterstaff of chaos (weapon)
Armour
 b - a +0 scale mail (worn)
 c - a +0 kite shield
 q - a +0 cloak (worn)
Jewellery
 g - an amulet of reflection (around neck)
 o - a cursed ring of teleportation (left hand)
Wands
 x - a wand of random effects (21)
Scrolls
 e - a scroll of magic mapping {unknown}
 f - 4 scrolls of teleportation {unknown}
 h - 2 scrolls of enchant weapon {unknown}
 k - 3 scrolls of fear {unknown}
 l - 5 scrolls of fog {unknown}
 m - a scroll of remove curse {unknown}
 p - 4 scrolls of identify
 r - 3 scrolls of immolation {unknown}
 s - a scroll of enchant armour {unknown}
 t - a scroll of noise {unknown}
 w - 2 scrolls of amnesia
Potions
 d - a potion of might
 j - a potion of degeneration {unknown}
 n - 2 potions of brilliance
 u - a potion of lignification
 v - a potion of resistance {unknown}
 z - a potion of curing {unknown}
 A - a potion of flight
 B - a potion of haste {unknown}
 C - a potion of stabbing {unknown}


   Skills:
 + Level 5.4 Fighting
 + Level 4.1 Short Blades
 + Level 5.3 Armour
 + Level 3.2 Dodging
 + Level 5.4 Shields


You had 6 spell levels left.
You didn't know any spells.
Your spell library was empty.

Dungeon Overview and Level Annotations

Branches:
Dungeon (5/15)
 Temple: D:4-7

Altars:
Dithmenos
Wu Jian

Annotations:
D:5 TigOlBitties's ghost, novice DEEE


Innate Abilities, Weirdness & Mutations

You reflexively headbutt those who attack you in melee.
You have a pair of horns on your head.


Message History

You completely miss TigOlBitties's ghost.
TigOlBitties's ghost is moderately damaged.
TigOlBitties's ghost hits you.
You barely miss TigOlBitties's ghost.
TigOlBitties's ghost is moderately damaged.
You block TigOlBitties's ghost's attack.
You closely miss TigOlBitties's ghost.
TigOlBitties's ghost is moderately damaged.
You feel sick.
You block TigOlBitties's ghost's attack. x2
You hit TigOlBitties's ghost.
TigOlBitties's ghost flickers and vanishes!
Deactivating autopickup; reactivate with Ctrl-A.
Something completely misses you.
You closely miss something. You headbutt something. Something hits you!
* * * LOW HITPOINT WARNING * * *
It was a potion of flight.
You feel very buoyant.
You fly up into the air.
Something hits you!
You die...

###.. ##... # #...
#.##..##### #.#.......##
.. #..........##
#.###)).......#### . .
#...).)..........#....
..#...)........#@#......
.......#.......#{###.###
...#.####...##.#≈## #
.......<..###..#≈# ..#
..##...........#≈#..!# .
#....#####..#(#...#
#.##.######.#≈#..# ...
#.....(#.###.#### ...
#......#........#


There were no monsters in sight!

Vanquished Creatures
  A phantom (D:4)
  2 scorpions (D:4)
  A jelly (D:5)
  A hound (D:4)
  2 orc priests (D:5)
  2 orc wizards
  Crazy Yiuf (D:2)
  4 adders
  An ooze (D:1)
  2 worms (D:2)
  3 leopard geckos
  9 orcs
  4 bats
  4 giant cockroaches
  10 goblins
  3 hobgoblins
  7 jackals
  4 quokkas
  A ball python (D:1)
  4 frilled lizards
  8 kobolds
  A leopard gecko zombie (D:2)
  A quokka skeleton (D:5)
  5 rats
81 creatures vanquished.

Vanquished Creatures (others)
  5 fungi (D:2)
5 creatures vanquished.

Grand Total: 86 creatures vanquished

Notes
Turn   | Place    | Note
-------+----------+-------------------------------------------
     0 | D:1      | tacoguy the Minotaur Fighter began the quest for the Orb.
     0 | D:1      | Reached XP level 1. HP: 19/19 MP: 0/0
   130 | D:1      | Reached XP level 2. HP: 27/27 MP: 1/1
   759 | D:2      | Reached XP level 3. HP: 18/33 MP: 2/2
  1113 | D:2      | Reached skill level 1 in Dodging
  1648 | D:2      | Found a shadowy altar of Dithmenos.
  1690 | D:2      | Found a runed translucent door.
  1691 | D:2      | Noticed Crazy Yiuf
  1699 | D:2      | Killed Crazy Yiuf
  1699 | D:2      | Reached XP level 4. HP: 24/41 MP: 3/3
  2180 | D:3      | You fall into a shaft and drop 1 floor!
  2334 | D:4      | Reached XP level 5. HP: 44/47 MP: 4/4
  2588 | D:4      | Noticed a phantom
  2609 | D:4      | Killed a phantom
  2609 | D:4      | Reached skill level 5 in Fighting
  2609 | D:4      | Reached skill level 5 in Armour
  2609 | D:4      | Reached skill level 5 in Shields
  2609 | D:4      | Reached XP level 6. HP: 47/56 MP: 5/5
  2892 | D:4      | Found an ornate altar of the Wu Jian Council.
  3154 | D:5      | Entered Level 5 of the Dungeon
  3161 | D:5      | Found a runed translucent door.
  3533 | D:5      | Noticed TigOlBitties's ghost (novice DEEE)
  3544 | D:5      | Reached XP level 7. HP: 58/61 MP: 6/6
  3562 | D:5      | Slain by TigOlBitties's ghost

Illustrated notes

Levels and vault maps discovered:
D:1:      minmay_arrival_wavy_path, layout_loops_ring
D:2:      layout_basic, nicolae_overflow_hidden_temple, minmay_tall_x,
          uniq_crazy_yiuf_cottage
D:3:      layout_basic, minitemple, uniq_sigmund
D:4:      layout_basic, marbit_many_paths
D:5:      layout_rooms, ebering_ghost_sewer_d

Skill      XL: |  1  2  3  4  5  6 |
---------------+-------------------+-----
Fighting       | 4 5 |  5.4
Armour         | 4 5 |  5.3
Shields        | 4 5 |  5.4
Dodging        | 1 2 3 |  3.2
Short Blades   | 3 4 |  4.1

Action                   |  1- 3 |  4- 6 |  7- 9 || total
-------------------------+-------+-------+-------++-------
Melee: Rapier            |   105 |       |       ||   105
       Headbutt          |    20 |     5 |     1 ||    26
       Quarterstaff      |       |    82 |     8 ||    90
Evoke: Wand              |       |     1 |       ||     1
  Use: Scroll            |     2 |       |       ||     2
       Potion            |       |     3 |     1 ||     4
 Stab: Paralysed         |       |     1 |       ||     1
Armor: Scale mail        |    36 |    38 |     4 ||    78
       Skin              |       |    22 |       ||    22
Dodge: Dodged            |    36 |    39 |     1 ||    76
Block: Kite shield       |    73 |       |       ||    73
       Reflection        |     7 |       |       ||     7
       Other             |       |    41 |     3 ||    44

Table legend: (Time is in decaauts)
 A = Elapsed time spent in this place.
 B = Non-inter-level travel time spent in this place.
 C = Inter-level travel time spent in this place.
 D = Time resting spent in this place.
 E = Time spent auto-exploring this place.
 F = Levels seen in this place.
 G = Mean time per level.
                   A        B        C        D        E       F      G
               +--------+--------+--------+--------+--------+-----+--------+
         Total |   3605 |   3468 |    137 |    736 |   2086 |   5 |  721.0 |
       Dungeon |   3605 |   3468 |    137 |    736 |   2086 |   5 |  721.0 |
               +--------+--------+--------+--------+--------+-----+--------+

Top non-repeatable levels by time:
     D:2: 1265 daAuts
     D:4: 983 daAuts
     D:1: 743 daAuts
     D:5: 421 daAuts
     D:3: 192 daAuts
